 Dungeon Crawl Stone Soup version 0.29.1-1-gd02db6906a (webtiles) character file.

Game seed: 4222807316564386526

123 boopmooplesden the Twirler (level 4, -6/38 HPs)
             Began as a Minotaur Gladiator on Oct 14, 2022.
             Killed from afar by an orc wizard (8 damage)
             ... with a puff of flame
             ... on level 4 of the Dungeon.
             The game lasted 00:03:16 (2613 turns).

boopmooplesden the Twirler (Minotaur Gladiator)     Turns: 2613, Time: 00:03:16

Health: -6/38      AC:  3    Str: 20    XL:     4   Next: 80%
Magic:  3/3        EV: 12    Int: 11    God:
Gold:   96         SH:  0    Dex: 12    Spells: 3/3 levels left

rFire   . . .      SeeInvis .   a - +0 quarterstaff
rCold   . . .      Faith    .   (shield currently unavailable)
rNeg    . . .      Spirit   .   b - +0 leather armour
rPois   +          Reflect  .   c - +0 hat
rElec   .          Harm     .   (no cloak)
rCorr   .          Rampage  .   (no gloves)
Will    .....                   (no boots)
Stlth   +.........              (no amulet)
HPRegen 0.12/turn               i - ring of poison resistance
MPRegen 0.08/turn               o - +6 ring of intelligence

@: confused
A: horns 2, retaliatory headbutt
a: no special abilities


You were on level 4 of the Dungeon.
You visited 1 branch of the dungeon, and saw 4 of its levels.

You collected 96 gold pieces.

Inventory:

Hand Weapons
 a - a +0 quarterstaff (weapon)
Missiles
 d - 3 throwing nets (quivered)
 e - a javelin
Armour
 b - a +0 leather armour (worn)
 c - a +0 hat (worn)
 g - a +0 scale mail
 j - a +0 chain mail
 m - a +0 hat
Jewellery
 i - a ring of poison resistance (left hand)
 o - a +6 ring of intelligence (right hand)
Wands
 n - a wand of flame (7)
Scrolls
 h - a scroll of poison
 l - 2 scrolls of identify
Potions
 f - a potion of flight
 p - a potion of brilliance


   Skills:
 + Level 3.2 Fighting
 + Level 4.7 Staves
 + Level 2.5 Throwing
 + Level 2.0 Armour
 + Level 3.9 Dodging
 + Level 0.6 Stealth


You had 3 spell levels left.
You didn't know any spells.
Your spell library contained the following spells:

 Spells                   Type           Power      Damage    Failure   Level
 Sting                    Tmut/Pois      0%         1d3       38%         1
 Poisonous Vapours        Pois/Air       0%         N/A       52%         2
 Sublimation of Blood     Necr           0%         N/A       52%         2
 Wereblood                Tmut           0%         N/A       52%         2
 Gell's Gravitas          Tloc           0%         N/A       77%         3
 Teleport Other           Tloc           0%         N/A       77%         3
 Olgreb's Toxic Radiance  Pois           0%         N/A       99%         4
 Dispersal                Tloc           0%         N/A       100%        6
 Summon Hydra             Summ           0%         N/A       100%        7


Dungeon Overview and Level Annotations

Branches:
Dungeon (4/15)
 Temple: D:4-7

Altars:
Nemelex Xobeh

Shops:
D:2 (


Innate Abilities, Weirdness & Mutations

You have a pair of horns on your head.
You reflexively headbutt those who attack you in melee.


Message History

You hear some strange, mumbled words.
You are more confused.
You bump into the rock wall.
Something hits you but does no damage. The orc barely misses you.
The orc wizard gestures wildly while chanting.
The orc wizard flickers and vanishes!
You sock the orc!
You kill the orc!
Something hits you.
You bump into the rock wall.
Something hits you. x2
You barely miss something. Your headbutt misses something.
Something hits you but does no damage. x2
You completely miss something. Your headbutt misses something.
You hear some strange, mumbled words.
A puff of flame appears from out of thin air!
The puff of flame hits you! Something hits you.
You hear some strange, mumbled words.
Something tries to affect you, but you resist.
Something hits you but does no damage. Something hits you but does no damage.
You hear some strange, mumbled words.
You are more confused.
Something tries to affect you, but you resist.
Something hits you.
* * * LOW HITPOINT WARNING * * *
You hear some strange, mumbled words.
You are more confused.
Something hits you but does no damage. Something hits you.
* * * LOW HITPOINT WARNING * * *
A magic dart appears from out of thin air!
The magic dart hits you.
* * * LOW HITPOINT WARNING * * *
A magic dart appears from out of thin air!
The magic dart hits something.
Okay, then.
You are too confused!
A puff of flame appears from out of thin air!
The puff of flame hits you!
You die... ..... ...? #gg

#### #o##...#.
#.#......
#........
########........
##<....#.g.......
##..@..{.o........
#...............#.
#.................
#...............##
#...............#
#..............##
##............##
##.....#....##
############


You could see a gnoll and an orc.

Vanquished Creatures
  An orc priest (D:3)
  An adder (D:3)
  3 dart slugs
  6 orcs
  8 endoplasms
  A giant cockroach (D:1)
  6 goblins
  2 hobgoblins (D:1)
  19 jackals
  A quokka (D:1)
  3 ball pythons
  3 bats
  3 frilled lizards
  3 kobolds (D:2)
  4 rats
64 creatures vanquished.

Notes
Turn   | Place    | Note
-------+----------+-------------------------------------------
     0 | D:1      | boopmooplesden the Minotaur Gladiator began the quest for
                  | the Orb.
     0 | D:1      | Reached XP level 1. HP: 18/18 MP: 0/0
   202 | D:1      | Reached XP level 2. HP: 25/25 MP: 1/1
   258 | D:1      | Reached skill level 4 in Staves
   554 | D:1      | Found a faded altar of an unknown god.
   807 | D:1      | Reached XP level 3. HP: 30/30 MP: 2/2
  1013 | D:2      | Found a sparkling altar of Nemelex Xobeh.
  1415 | D:2      | Found Zeethruff's Antique Weapon Shop.
  1972 | D:3      | Reached skill level 1 in Armour
  1975 | D:3      | Reached XP level 4. HP: 38/38 MP: 3/3
  2613 | D:4      | Killed from afar by an orc wizard

Illustrated notes

Levels and vault maps discovered:
D:1:      minmay_arrival_hallway, layout_basic, shapermc_ecumenical_altar_ellora
D:2:      layout_rooms, basic_altar, serial_shops, shop_fountains,
          minmay_octomino_j4
D:3:      layout_loops_ring, minmay_misc_feat_tiny
D:4:      layout_rooms, minmay_temple_entry_hall, gammafunk_ghost_split,
          nicolae_concentric_dashed_squares_wild, dk_vineyard_2,
          grunt_ministairs_8, kennysheep_generic_room_8, uniq_grinder

Skill      XL: |  1  2  3  4 |
---------------+-------------+-----
Staves         | 4 |  4.7
Fighting       | 3 |  3.2
Armour         | 1 2 |  2.0
Throwing       | |  2.5
Dodging        | |  3.9
Stealth        | |  0.6

Action                   |  1- 3 |  4- 6 || total
-------------------------+-------+-------++-------
Melee: Quarterstaff      |    77 |    36 ||   113
       Headbutt          |    10 |     5 ||    15
  Use: Scroll            |     6 |     1 ||     7
Armor: Leather armour    |    26 |    17 ||    43
Dodge: Dodged            |    90 |    27 ||   117
